 Dungeon Crawl Stone Soup version 0.30.1-4-g462c640d31 (webtiles) character file.

Game seed: 85644437063876560

80511 booth the Severer (level 15, 0/136 HPs)
             Began as a Hill Orc Fighter on Sept 3, 2023.
             Was the Champion of Beogh.
             Drowned by a quicksilver ooze (5 damage)
             ... in an ice cave on Sept 5, 2023.
             The game lasted 02:23:56 (25675 turns).

booth the Severer (Hill Orc Fighter)               Turns: 25675, Time: 02:23:57

Health: 0/136      AC: 15    Str: 24      XL:     15   Next: 67%
Magic:  0/22       EV: 10    Int:  5 (10) God:    Beogh [******]
Gold:   2700       SH: 14    Dex: 17      Spells: 14/14 levels left

rFire   . . .        i - +8 war axe "Kourr" {venom, Str+3 Dex+3}
rCold   + + .        n - +2 buckler "Ygiurenn" {rElec}
rNeg    . . .        K - +0 acid dragon scales
rPois   .            (helmet restricted)
rElec   +            m - +1 cloak
rCorr   +            V - +0 pair of gloves
SInv    .            N - +0 pair of boots
Will    +....        f - amulet of reflection
Stlth   +            G - ring of ice
HPRegen 0.42/turn    Y - ring of protection from cold
MPRegen 0.18/turn

%: reflection
@: mighty, engulfed (cannot breathe), studying Axes
A: walk on water, horns 1, fire resistance 1
a: Renounce Religion, Smiting, Recall Orcish Followers, Give Item to Named
Follower, Resurrection


You were in an ice cave.
You worshipped Beogh.
Beogh was exalted by your worship.
You visited 2 branches of the dungeon, and saw 20 of its levels.
You also visited: Ice Cave.

You collected 2700 gold pieces.

Inventory:

Hand Weapons
 i - the +8 war axe "Kourr" (weapon) {venom, Str+3 Dex+3}
   (You found it on level 2 of the Dungeon)

   Str:       It affects your strength (+3).
   Dex:       It affects your dexterity (+3).
 o - a +4 flail of flaming
 u - the +8 war axe of the Chickpea {protect, rC+ Dex+4}
   (You found it on level 3 of the Dungeon)

   Dex:       It affects your dexterity (+4).
   rC:        It protects you from cold.
 Z - a +0 battleaxe of flaming
Missiles
 c - 49 poisoned darts (quivered)
 h - 20 boomerangs
 v - 3 atropa-tipped darts
 y - a throwing net
 D - 10 javelins
Armour
 m - a +1 cloak (worn)
 n - the +2 buckler "Ygiurenn" (worn) {rElec}
   (You found it on level 5 of the Dungeon)

   rElec:     It insulates you from electricity.
 r - a +2 plate armour of fire resistance
 x - a +2 kite shield of cold resistance
 K - +0 acid dragon scales (worn)
 N - a +0 pair of boots (worn)
 R - a +0 chain mail
 V - a +0 pair of gloves (worn)
Jewellery
 f - an amulet of reflection (around neck)
 l - an amulet of regeneration
 z - a +6 ring of strength
 G - a ring of ice (left hand)
 L - a +4 ring of protection
 Y - a ring of protection from cold (right hand)
Wands
 b - a wand of flame (25)
 j - a wand of digging (13)
 p - a wand of light (7)
 B - a wand of iceblast (21)
 C - a wand of polymorph (6)
 E - a wand of paralysis (17)
 M - a wand of mindburst (22)
Scrolls
 q - 10 scrolls of teleportation
 s - 2 scrolls of fear
 t - 3 scrolls of immolation
 w - 4 scrolls of fog
 F - 12 scrolls of identify
 J - 2 scrolls of magic mapping
 W - 2 scrolls of amnesia
 X - a scroll of blinking
Potions
 a - 5 potions of ambrosia
 d - 4 potions of might
 e - 6 potions of lignification
 g - 5 potions of curing
 k - 6 potions of attraction
 A - 6 potions of brilliance
 I - 3 potions of cancellation
 S - a potion of resistance
 T - 2 potions of haste
 U - 2 potions of invisibility
Miscellaneous
 H - a piece from Xom's chessboard (15/15)
 O - a box of beasts (inert)


   Skills:
 + Level 13.2 Fighting
 + Level 19.3(20.8) Axes
 + Level 11.5(15.4) Maces & Flails
 + Level 6.7 Throwing
 + Level 12.3 Armour
 + Level 12.3 Shields
 + Level 9.5 Invocations


You had 14 spell levels left.
You didn't know any spells.
Your spell library contained the following spells:

 Spells                   Type           Power      Damage    Failure   Level
 Beastly Appendage        Tmut           0%         N/A       56%         1
 Ensorcelled Hibernation  Hex/Ice        0%         N/A       71%         2
 Sublimation of Blood     Necr           0%         N/A       71%         2
 Wereblood                Tmut           0%         N/A       71%         2
 Gell's Gravitas          Tloc           0%         N/A       91%         3
 Spider Form              Tmut/Pois      0%         N/A       91%         3
 Teleport Other           Tloc           0%         N/A       91%         3
 Tukima's Dance           Hex            0%         N/A       91%         3
 Vhi's Electric Charge    Tloc/Air       0%         N/A       91%         3
 Anguish                  Hex/Necr       0%         N/A       100%        4
 Animate Dead             Necr           0%         N/A       100%        4
 Passage of Golubria      Tloc           0%         N/A       100%        4
 Petrify                  Tmut/Erth      0%         N/A       100%        4
 Arcjolt                  Conj/Air       0%         1d10      100%        5
 Irradiate                Conj/Tmut      0%         3d11      100%        5
 Summon Forest            Summ/Tloc      0%         N/A       100%        5
 Summon Mana Viper        Hex/Summ       0%         N/A       100%        5
 Yara's Violent Unravell  Hex/Tmut       0%         3d3       100%        5
 Dispersal                Tloc           0%         N/A       100%        6
 Summon Cactus Giant      Summ           0%         N/A       100%        6
 Haunt                    Necr/Summ      0%         N/A       100%        7
 Infestation              Necr           0%         N/A       100%        8
 Maxwell's Capacitive Co  Air            0%         ∞         100%        8


Dungeon Overview and Level Annotations

Branches:
Dungeon (15/15)            Temple (0/1) D:6            Lair (5/5) D:8
 Shoals (0/4) Lair:2        Snake (0/4) Lair:3        Slime (0/5) Lair:4
    Orc (0/2) D:11         Vaults (0/5) D:13          IceCv (1/1)
 Depths: D:15

Altars:
Ashenzari
Elyvilon
Fedhas
Gozag
Hepliaklqana
Kikubaaqudgha
Sif Muna
Uskayaw
Vehumet
Wu Jian
Yredelemnul
Zin
Beogh
Jiyva

Shops:
D:4 :   D:5 (

Annotations:
IceCv exclusion: orange crystal statue


Innate Abilities, Weirdness & Mutations

You can walk on water.
You have a pair of small horns on your head.
Your flesh is heat resistant. (rF+)


Message History

The quicksilver ooze hits you.
* * * LOW HITPOINT WARNING * * *
The quicksilver ooze hits you but does no damage.
The slime creature hits you.
* * * LOW HITPOINT WARNING * * *
The slime creature hits you.
* * * LOW HITPOINT WARNING * * *
You block the slime creature's attack.
You feel much better.
* * * LOW HITPOINT WARNING * * *
Your lungs strain for air!
You block the quicksilver ooze's attack.
The quicksilver ooze hits you.
* * * LOW HITPOINT WARNING * * *
The orange crystal statue fixes its piercing gaze on you.
Something tries to feed on your intellect!
You block the slime creature's attack. The slime creature hits you.
* * * LOW HITPOINT WARNING * * *
You block the slime creature's attack.
The quicksilver ooze closely misses you.
The quicksilver ooze hits you but does no damage.
You slash the orange crystal statue!
The orange crystal statue is almost destroyed.
You slice the slime creature!! You slash the slime creature!
The slime creature looks as sick as possible!
You slash the slime creature! You slash the quicksilver ooze!
* * * LOW HITPOINT WARNING * * *
Your lungs strain for air!
The orange crystal statue fixes its piercing gaze on you.
You block the quicksilver ooze's attack.
The quicksilver ooze hits you but does no damage.
The slime creature closely misses you. The slime creature barely misses you.
The slime creature hits you but does no damage.
You closely miss the quicksilver ooze. You headbutt the quicksilver ooze.
The quicksilver ooze is almost dead.
You slash the slime creature! You slice the slime creature!!
You kill the slime creature!
The slime creature dissolves into shadows!
You slash the slime creature! You hit the orange crystal statue.
You die...

#.........### ##
###########
.###########
...........##
#....)).....####
#######..).....##
###.......##
####...JJ#
##.ZJ@# #....8#
#.....Z##
......### ....###
####


You could see an orange crystal statue, 2 slime creatures, a quicksilver ooze, a
slime creature simulacrum (summoned) and a great orb of eyes simulacrum
(summoned).

Vanquished Creatures
  Gastronok (Lair:3)
  Frances (D:12)
  Kirke (D:14)
  3 quicksilver oozes (IceCv)
  A vampire knight (D:13)
  An ettin (D:15)
  Josephine (Lair:4)
  A hydra (Lair:5)
  A centaur warrior (D:13)
  3 two-headed ogres
  2 boulder beetles
  4 death yaks
  A skyshark (Lair:3)
  A deep troll (D:15)
  Lodul (D:10)
  A fire crab (Lair:5)
  A sea snake (Lair:5)
  2 spriggan simulacra (D:15)
  A wizard (D:15)
  A harpy (Lair:5)
  3 cyclopes (D:13)
  2 ugly things (D:14)
  4 oklob plants (Lair:1)
  A salamander (Lair:3)
  A manticore (Lair:5)
  17 elephants
  Maurice (D:10)
  3 black mambas
  Maggie (Lair:2)
  2 torpor snails
  11 cane toads
  An unseen horror (D:13)
  4 kobold demonologists
  6 rime drakes
  A freezing wraith (D:15)
  Psyche (D:8)
  5 komodo dragons
  A queen bee (D:10)
  A troll (D:8)
  3 polar bears (Lair:5)
  A hornet (Lair:5)
  6 dream sheep (Lair:5)
  A snapping turtle (Lair:2)
  2 shadows
  7 blink frogs
  13 slime creatures
  A dire elephant simulacrum (D:15)
  5 wraiths (Lair:4)
  48 yaks
  3 basilisks
  13 wyverns
  A minotaur simulacrum (D:15)
  3 vampire mosquitoes (D:12)
  9 water moccasins
  3 orc warriors
  3 great orb of eyes simulacra (IceCv)
  3 sky beasts
  2 black bears (D:4)
  2 ice beasts
  7 centaurs
  10 ogres
  5 wolves (D:8)
  2 slime creature simulacra (IceCv)
  3 kobold brigands
  5 glowing shapeshifter simulacra (IceCv)
  11 bullfrogs
  2 scorpions
  2 deep troll simulacra (D:15)
  12 wights
  3 jellies
  A lindwurm simulacrum (D:15)
  25 killer bees (D:10)
  9 howler monkeys
  5 electric eels
  2 lava snakes (Lair:3)
  8 hounds
  Crazy Yiuf (D:2)
  A gnoll bouda (D:5)
  5 orc priests
  Jessica (D:2)
  Terence (D:2)
  3 iguanas
  8 orc wizards
  6 hell rats (Lair:4)
  12 gnolls
  4 adders
  A white imp (D:3)
  An ufetubus (D:5)
  A worm (D:2)
  4 dart slugs (D:1)
  23 orcs
  7 ball pythons
  5 bats
  6 endoplasms
  4 giant cockroaches
  8 hobgoblins
  4 jackals (D:3)
  5 quokkas
  3 frilled lizards
  5 goblins (D:1)
  21 kobolds
  4 rats
480 creatures vanquished.

Vanquished Creatures (collateral kills)
  Jorgrun (D:13)
  A sphinx (D:13)
  A quicksilver ooze (shapeshifter) (D:15)
  A vampire knight (D:13)
  A great orb of eyes (shapeshifter) (D:13)
  4 hydras
  A merfolk avatar (Lair:5)
  4 centaur warriors
  2 dancing weapons (D:13)
  3 boulder beetles (D:14)
  2 two-headed ogres
  A wizard (D:14)
  2 deep elf pyromancers
  3 ugly things
  2 manticores
  A cyclops (D:13)
  2 elephants
  A black mamba (Lair:4)
  A gargoyle (D:12)
  5 cane toads
  5 rime drakes (Lair:4)
  3 komodo dragons
  A freezing wraith (D:13)
  A tengu conjurer (D:14)
  4 trolls
  A wind drake (Lair:5)
  A hornet (shapeshifter) (D:14)
  6 dream sheep (Lair:5)
  A snapping turtle (Lair:5)
  6 slime creatures
  2 shadows (D:13)
  A wraith (D:13)
  3 yaks
  A steam dragon (Lair:5)
  A hog (D:14)
  7 basilisks
  2 wyverns
  4 vampire mosquitoes
  A minotaur simulacrum (D:15)
  A water moccasin (Lair:5)
  An acid dragon (D:11)
  6 orc warriors (D:11)
  2 centaurs (D:14)
  2 orc priests
  2 jellies (Lair:4)
  4 hell rats (Lair:4)
  2 orcs (D:11)
  4 kobolds (D:13)
114 creatures vanquished.

Vanquished Creatures (others)
  An orc knight (D:15)
  An unseen horror (D:13)
  An orc warrior (D:11)
  5 orc wizards
  7 orc priests
  An iguana (D:6)
  16 orcs
32 creatures vanquished.

Grand Total: 626 creatures vanquished

Notes
Turn   | Place    | Note
-------+----------+-------------------------------------------
     0 | D:1      | booth the Hill Orc Fighter began the quest for the Orb.
     0 | D:1      | Reached XP level 1. HP: 19/19 MP: 1/1
    75 | D:1      | Reached skill level 3 in Axes
    75 | D:1      | Reached XP level 2. HP: 4/27 MP: 2/2
   685 | D:1      | Reached XP level 3. HP: 33/33 MP: 3/3
  1504 | D:2      | Noticed Jessica
  1507 | D:2      | Noticed Terence
  1520 | D:2      | Killed Jessica
  1521 | D:2      | Reached XP level 4. HP: 39/41 MP: 4/4
  1523 | D:2      | Killed Terence
  1580 | D:2      | Identified the +8 war axe "Kourr" {venom, Str+3 Dex+3}
  1650 | D:2      | Reached skill level 4 in Axes
  1653 | D:2      | Reached XP level 5. HP: 47/47 MP: 5/5
  1686 | D:2      | Found a runed translucent door.
  1687 | D:2      | Noticed Crazy Yiuf
  2044 | D:2      | Killed Crazy Yiuf
  2092 | D:3      | You fall into a shaft and drop 2 floors!
  2092 | D:5      | Entered Level 5 of the Dungeon
  2120 | D:5      | Found Vaesehy's Hydra Hut.
  2120 | D:5      | Noticed a seven-headed hydra
  2197 | D:5      | Reached skill level 1 in Maces & Flails
  2198 | D:5      | Reached XP level 6. HP: 48/55 MP: 6/6
  2213 | D:5      | Reached skill level 5 in Fighting
  2213 | D:5      | Reached skill level 5 in Axes
  2241 | D:5      | Noticed a water moccasin
  2254 | D:5      | Killed a water moccasin
  2353 | D:5      | Identified the +2 buckler "Ygiurenn" {rElec}
  2395 | D:5      | Reached XP level 7. HP: 47/61 MP: 7/7
  2514 | D:5      | Reached skill level 6 in Axes
  2543 | D:5      | Reached skill level 5 in Armour
  2598 | D:5      | Reached skill level 5 in Shields
  3243 | D:3      | Identified the +8 war axe of the Chickpea {protect, rC+
                  | Dex+4}
  3273 | D:3      | Found a broken altar of Ashenzari.
  3321 | D:3      | Found a blossoming altar of Fedhas.
  3559 | D:3      | Found a faded altar of an unknown god.
  3664 | D:3      | Gained mutation: Armour fits poorly on your strangely
                  | shaped body. [potion of mutation]
  3871 | D:4      | Reached skill level 7 in Axes
  3871 | D:4      | Reached XP level 8. HP: 70/70 MP: 8/8
  4318 | D:4      | Found Iguilaorph's Book Emporium.
  4861 | D:5      | Found an ancient bone altar of Kikubaaqudgha.
  4874 | D:5      | Found an ornate altar of the Wu Jian Council.
  4876 | D:5      | Found an opulent altar of Gozag.
  4876 | D:5      | Found a radiant altar of Vehumet.
  4877 | D:5      | Found a hazy altar of Hepliaklqana.
  4878 | D:5      | Found a hide-covered altar of Uskayaw.
  4881 | D:5      | Found a shimmering blue altar of Sif Muna.
  5341 | D:6      | Found a staircase to the Ecumenical Temple.
  5580 | D:6      | Lost mutation: Armour fits poorly on your strangely shaped
                  | body. [potion of mutation]
  5580 | D:6      | Gained mutation: You are vulnerable to heat. (rF-) [potion
                  | of mutation]
  5580 | D:6      | Gained mutation: Your body sometimes deteriorates upon
                  | taking damage. [potion of mutation]
  5580 | D:6      | Gained mutation: You have a pair of small horns on your
                  | head. [potion of mutation]
  5618 | D:6      | Reached skill level 8 in Axes
  6208 | D:6      | Identified a scroll of acquirement
  6208 | D:6      | Acquired 843 gold pieces
  6583 | D:7      | Lost mutation: You are vulnerable to heat. (rF-) [potion of
                  | mutation]
  6583 | D:7      | Lost mutation: You have a pair of small horns on your head.
                  | [potion of mutation]
  6583 | D:7      | Lost mutation: Your body sometimes deteriorates upon taking
                  | damage. [potion of mutation]
  6583 | D:7      | Gained mutation: You have hidden genetic potential. [potion
                  | of mutation]
  6648 | D:7      | Reached XP level 9. HP: 58/78 MP: 9/9
  7122 | D:7      | Reached skill level 9 in Axes
  7318 | D:8      | Became a worshipper of Beogh the Brigand
  7423 | D:8      | Reached skill level 5 in Maces & Flails
  7431 | D:8      | Gained mutation: You have a pair of small horns on your
                  | head. [hidden potential]
  7433 | D:8      | Reached skill level 10 in Axes
  7623 | D:8      | Reached * piety under Beogh
  7624 | D:8      | Reached XP level 10. HP: 87/88 MP: 10/10
  7638 | D:8      | Reached skill level 11 in Axes
  7656 | D:8      | Noticed Psyche
  7668 | D:8      | Killed Psyche
  7861 | D:8      | Found a staircase to the Lair.
  7900 | D:8      | Gained mutation: Your flesh is heat resistant. (rF+)
                  | [hidden potential]
  7900 | D:8      | Lost mutation: You have hidden genetic potential. [hidden
                  | potential expressed]
  8136 | D:8      | Found a white marble altar of Elyvilon.
  8766 | D:9      | Found a basalt altar of Yredelemnul.
  8921 | D:9      | Reached skill level 12 in Axes
  8928 | D:9      | Reached ** piety under Beogh
  9222 | D:10     | Entered Level 10 of the Dungeon
  9485 | D:10     | Noticed Maurice
  9485 | D:10     | Noticed a two-headed ogre
  9486 | D:10     | Noticed Lodul
  9488 | D:10     | Reached XP level 11. HP: 80/95 MP: 11/11
  9491 | D:10     | Paralysed by Maurice for 3 turns
  9497 | D:10     | Killed Maurice
  9511 | D:10     | Killed a two-headed ogre
  9516 | D:10     | Reached skill level 13 in Axes
  9775 | D:10     | Killed Lodul
  9974 | D:10     | Reached *** piety under Beogh
 10679 | D:10     | Reached skill level 14 in Axes
 10958 | Lair:1   | Entered Level 1 of the Lair of Beasts
 10995 | Lair:1   | Noticed a death yak
 10998 | Lair:1   | Noticed a death yak
 11010 | Lair:1   | Noticed a death yak
 11013 | Lair:1   | Killed a death yak
 11031 | Lair:1   | Killed a death yak
 11032 | Lair:1   | Reached skill level 10 in Fighting
 11038 | Lair:1   | Killed a death yak
 11039 | Lair:1   | Reached XP level 12. HP: 12/106 MP: 12/12
 11896 | Lair:1   | Reached skill level 1 in Invocations
 12122 | Lair:2   | Noticed Maggie
 12138 | Lair:2   | Killed Maggie
 12221 | Lair:1   | Reached skill level 1 in Throwing
 12644 | Lair:2   | Reached skill level 15 in Axes
 13023 | Lair:2   | Found a staircase to the Shoals.
 13203 | Lair:2   | Reached **** piety under Beogh
 14176 | Lair:3   | Reached skill level 10 in Armour
 14527 | Lair:3   | Noticed a skyshark
 14544 | Lair:3   | Killed a skyshark
 14545 | Lair:3   | Reached skill level 10 in Shields
 14736 | Lair:3   | Found a staircase to the Snake Pit.
 14995 | Lair:3   | Noticed Gastronok
 15013 | Lair:3   | Killed Gastronok
 15014 | Lair:3   | Reached XP level 13. HP: 88/116 MP: 16/16
 15394 | Lair:3   | Reached skill level 16 in Axes
 15573 | Lair:3   | Reached skill level 5 in Invocations
 16872 | Lair:4   | Noticed Josephine
 16882 | Lair:4   | Killed Josephine
 16897 | Lair:4   | Reached ***** piety under Beogh
 17102 | Lair:4   | Gained Grimold as an ally
 17124 | Lair:4   | Reached skill level 17 in Axes
 17642 | Lair:4   | Your ally Grimold died
 17646 | Lair:4   | Reached skill level 10 in Maces & Flails
 17646 | Lair:4   | Reached XP level 14. HP: 108/124 MP: 18/18
 17705 | Lair:4   | Found a staircase to the Slime Pits.
 17706 | Lair:4   | Found a viscous altar of Jiyva.
 18115 | Lair:5   | Entered Level 5 of the Lair of Beasts
 18384 | Lair:5   | Gained Brunolf as an ally
 18559 | Lair:5   | Reached skill level 5 in Throwing
 18933 | Lair:5   | Reached ****** piety under Beogh
 19419 | Lair:5   | Identified the +8 trident of the Healing Rat {chaos, Will+}
 19875 | D:11     | Reached skill level 18 in Axes
 19968 | D:11     | Found a roughly hewn altar of Beogh.
 19968 | D:11     | Found a staircase to the Orcish Mines.
 20521 | D:12     | Acquired a manual of Axes
 20615 | D:12     | Noticed Frances
 20626 | D:12     | Killed Frances
 21543 | D:13     | Noticed Jorgrun
 21548 | D:13     | Killed Jorgrun
 21629 | D:13     | Gained Marbaugh as an ally
 21866 | D:13     | Found a gate to the Vaults.
 21870 | D:13     | Gained Arbolt as an ally
 21970 | D:13     | Reached XP level 15. HP: 120/134 MP: 21/21
 22099 | D:13     | Noticed a sphinx
 22110 | D:13     | Killed a sphinx
 22683 | D:13     | Found a glowing silver altar of Zin.
 23314 | D:14     | Noticed Kirke
 23320 | D:14     | Killed Kirke
 23887 | D:14     | Reached skill level 19 in Axes
 24210 | D:15     | Entered Level 15 of the Dungeon
 24347 | D:15     | Your ally Marbaugh died
 24663 | D:15     | Found a frozen archway.
 24771 | IceCv    | Entered an ice cave
 25371 | IceCv    | Gained Morun as an ally
 25394 | IceCv    | Your ally Morun died
 25672 | IceCv    | HP: 6/136 [slime creature[an orange crystal statue] (3)]
 25675 | IceCv    | Drowned by a quicksilver ooze

Illustrated notes

Levels and vault maps discovered:
D:1:      sevenhm_arrival_forest_fort_small_3, layout_basic,
          hangedman_decor_peaks_small
D:2:      layout_loops_cross, uniq_crazy_yiuf_cottage, uniq_jessica,
          uniq_terence
D:3:      layout_loops_cross, mainiacjoe_overflow_surrounded_room,
          fedhas_altar_3, shapermc_ecumenical_altar_hornbeckon, serial_aquarium,
          aquarium_bridge_straight [aquarium_subvault_bridge,
          aquarium_subvault_window, aquarium_subvault_bridge,
          aquarium_subvault_wall], aquarium_bridge_long_joined
          [aquarium_subvault_wall, aquarium_subvault_bridge,
          aquarium_subvault_bridge, aquarium_subvault_wall,
          aquarium_subvault_wall, aquarium_subvault_bridge], aquarium_window_1,
          aquarium_window_3, aquarium_window_1, aquarium_window_corner,
          aquarium_view_2f, aquarium_view_2a
D:4:      layout_basic, nicolae_inconvenience_store
D:5:      layout_loops_ring, minitemple, minmay_misc_feat_tiny,
          doesnt_shop_hydraphobe
D:6:      layout_basic, lemuel_temple_firewalk_b
D:7:      layout_gridville, grunt_ministairs_2
D:8:      layout_loops_ring, elyvilon_altar_3, erik_lair_island,
          item_on_display_a, uniq_psyche
D:9:      layout_rooms, mainiacjoe_overflow_brackets, item_on_display_a
D:10:     layout_roguey [special_room_bee], uniq_lodul, uniq_maurice
D:11:     layout_rooms, david_orc_5, minmay_tree_intersection
D:12:     layout_cave_pools, serial_co_window_serial, co_window_cross_1,
          co_window_paths_a, co_window_paths_b, co_window_paths_a,
          co_window_paths_b, co_window_unsneaky_path_c, co_window_2corner,
          co_window_corner_b, co_window_4corner_b, glass_columns_b,
          glass_columns_b, glass_columns_c, glass_columns_c, glass_columns_b,
          uniq_frances
D:13:     thingy_vault, layout_long_grid, erik_vaults_1, zin_statuary,
          uniq_jorgrun
D:14:     layout_gridville, amcnicky_mini_pool_small, uniq_kirke
D:15:     hangedman_depths_entry_civil_slaughter, layout_basic,
          portal_ice_cave_entry_ice_simulacra, minmay_misc_feat_hallway
Lair:1:   minmay_lair_oklob_tunnel, layout_misc_corridors
Lair:2:   layout_cellular_growth, minmay_shoals_entry_hut, uniq_maggie
Lair:3:   layout_long_grid, nicolae_snake_entry_warm_welcome, uniq_gastronok
Lair:4:   layout_roguey [special_room_mythical_zoo], minmay_slime_entry_pillars,
          beast_lair_carwin_4, grunt_megastairs_5, uniq_josephine
Lair:5:   gammafunk_lair_ancient_temple, layout_small_grid
IceCv:    ice_cave_hellmonk_azure_passage

Skill      XL: |  1  2  3  4  5  6  7  8  9 10 11 12 13 14 15 |
---------------+----------------------------------------------+-----
Axes           | 3 4 5 7 8 10 12 14 15 17 18 19 | 19.3
Fighting       | 4 5 6 7 8 10 11 12 13 | 13.2
Armour         | 4 5 6 7 8 9 10 11 12 | 12.3
Shields        | 4 5 6 7 8 9 10 11 12 | 12.3
Maces & Flails | 1 2 3 4 5 6 8 9 10 11 | 11.5
Invocations    | 4 6 8 9 |  9.5
Throwing       | 3 4 5 6 |  6.7

Action                     |  1- 3 |  4- 6 |  7- 9 | 10-12 | 13-15 || total
---------------------------+-------+-------+-------+-------+-------++-------
  Melee: War axe           |    83 |    66 |   197 |   495 |   532 ||  1373
         Headbutt          |       |       |    10 |   106 |   159 ||   275
         Flail             |       |       |       |       |    66 ||    66
  Throw: Throwing net      |     1 |       |       |       |       ||     1
         Dart              |       |       |       |    22 |     6 ||    28
         Javelin           |       |       |       |    12 |     2 ||    14
         Boomerang         |       |       |       |       |     1 ||     1
 Invoke: Convert to Beogh  |       |       |     1 |       |       ||     1
         Smiting           |       |       |       |     1 |       ||     1
         Recall Orcish Fol |       |       |       |       |     8 ||     8
  Evoke: Wand              |       |       |       |     8 |     1 ||     9
         Box of beasts     |       |       |       |       |     1 ||     1
    Use: Potion            |     2 |       |    10 |     6 |     5 ||    23
         Scroll            |     1 |     3 |    11 |     9 |     5 ||    29
   Stab: Distracted        |       |       |       |     1 |     7 ||     8
         Confused          |       |       |       |     1 |       ||     1
 Armour: Scale mail        |    18 |    24 |    35 |    62 |       ||   139
         Acid dragon scale |       |       |       |    30 |   162 ||   192
  Dodge: Dodged            |    31 |    24 |    38 |   112 |   224 ||   429
  Block: Buckler           |    41 |    38 |    93 |   225 |   348 ||   745
         Reflection        |     4 |     1 |     3 |     5 |    16 ||    29
